 Dungeon Crawl Stone Soup version 0.21.1-1-g345015f (webtiles) character file.

63 grindst0ne the Skirmisher (level 4, -12/38 HPs)
             Began as a Formicid Hunter on Feb 28, 2018.
             Killed by divine providence
             ... invoked by an orc priest
              (14 damage)
             ... on level 2 of the Dungeon.
             The game lasted 00:03:02 (1957 turns).

grindst0ne the Skirmisher (Formicid Hunter)         Turns: 1957, Time: 00:03:02

Health: -12/38     AC:  7    Str: 17    XL:     4   Next: 31%
Magic:  4/4        EV: 11    Int: 11    God:
Gold:   80         SH:  0    Dex: 11    Spells: 3/3 levels left

rFire    . . .     SeeInvis +   a - +0 short sword
rCold    . . .     Gourm    .   (no shield)
rNeg     . . .     Faith    .   k - +0 ring mail
rPois    .         Spirit   .   (helmet unavailable)
rElec    .         Reflect  .   (no cloak)
rCorr    .         Harm     .   g - +1 pair of gloves
MR       .....                  (no boots)
Stlth    +.........             (no amulet)
HPRegen  0.12/turn              (no ring)
MPRegen  0.09/turn              (no ring)

@: no status effects
A: permanent stasis, dig shafts and tunnels, four strong arms, antennae 3
a: Dig, Shaft Self


You were on level 2 of the Dungeon.
You were not hungry.

You visited 1 branch of the dungeon, and saw 3 of its levels.

You collected 80 gold pieces.

Inventory:

Hand Weapons
 a - a +0 short sword (weapon)
Missiles
 c - 6 javelins (quivered)
 d - 2 throwing nets
Armour
 b - a +0 leather armour
 g - a +1 pair of gloves (worn)
 k - a +0 ring mail (worn)
Jewellery
 e - an uncursed ring of protection from magic {unknown}
 o - an uncursed ring of wizardry {unknown}
 p - an uncursed ring of positive energy {unknown}
Scrolls
 h - 4 scrolls of identify {unknown}
 l - a scroll of remove curse {unknown}
Potions
 i - a potion of brilliance {unknown}
 j - a potion of might {unknown}
 m - a potion of flight {unknown}
 n - a potion of agility {unknown}
 q - a potion of magic {unknown}
Comestibles
 f - 5 rations
 r - 3 chunks of flesh


   Skills:
 + Level 4.7 Fighting
 - Level 4.0 Throwing
 - Level 1.7 Dodging
 - Level 1.2 Stealth


You had 3 spell levels left.
You didn't know any spells.

Dungeon Overview and Level Annotations

Branches:
Dungeon (3/15)

Altars:
Xom


Innate Abilities, Weirdness & Mutations

You cannot be hasted, slowed, berserked, paralysed or teleported.
You can dig through walls and to a lower floor.
Your four strong arms can wield two-handed weapons with a shield.
You have a pair of large antennae on your head. (SInv)


Message History

The orc priest mumbles some strange prayers to Beogh against you.
Beogh smites you!
The orc priest hits you but does no damage.
You climb upwards.
There is a stone staircase leading down here.
You are too injured to fight recklessly!
You hit the orc priest.
The orc priest is severely wounded.
The orc priest completely misses you.
You closely miss the orc priest.
The orc priest is severely wounded.
The orc priest closely misses you.
You closely miss the orc priest.
The orc priest is severely wounded.
The orc priest calls down the wrath of Beogh upon you.
Beogh smites you!
* * * LOW HITPOINT WARNING * * *
The orc priest invokes the aid of Beogh against you.
Beogh smites you!
You die...

#######
#######################.....#
...#..................#.##.##
.............#####..#.#.##.#
...#.#######.#........#.##.#
...............[@.<...#.##.#
.###.#..........o...###.##.#
.....#.###..........# #.##.#
..(............#.#.## #.##.#
..##.#..............# #.##.#
..##.#####..##.#.##.###.##.#
..#...####..##.#........##.#
......#.....##.#..#.######.#
......##.#.###.#..#.######.#


You could see an orc priest.

Vanquished Creatures
  Robin (D:2)
  An ooze (D:2)
  A worm (D:2)
  A leopard gecko (D:1)
  2 orcs
  3 bats
  7 giant cockroaches
  11 goblins
  4 hobgoblins
  A ball python (D:2)
  A frilled lizard (D:2)
  3 kobolds
  3 rats (D:1)
39 creatures vanquished.

Notes
Turn   | Place    | Note
-------+----------+-------------------------------------------
     0 | D:1      | grindst0ne the Formicid Hunter began the quest for the Orb.
     0 | D:1      | Reached XP level 1. HP: 16/16 MP: 1/1
   274 | D:1      | Reached XP level 2. HP: 22/23 MP: 2/2
   296 | D:1      | You fall through a shaft!
   297 | D:2      | Noticed Robin
  1114 | D:2      | Reached XP level 3. HP: 29/29 MP: 3/3
  1139 | D:2      | Killed Robin
  1185 | D:2      | Reached XP level 4. HP: 28/38 MP: 4/4
  1298 | D:2      | Found a shimmering altar of Xom.
  1957 | D:2      | Killed from afar by an orc priest

Skill      XL: |  1  2  3 |
---------------+----------+-----
Fighting       | 3 4 |  4.7
Throwing       | |  4.0
Dodging        | |  1.7
Stealth        | |  1.2

Action                   |  1- 3 |  4- 6 || total
-------------------------+-------+-------++-------
Melee: Short sword       |   128 |    50 ||   178
 Abil: Dig               |       |     1 ||     1
  Eat: Chunk             |       |     4 ||     4
Armor: Leather armour    |    45 |       ||    45
       Ring mail         |    22 |    11 ||    33
Dodge: Dodged            |    87 |    34 ||   121
